 Dungeon Crawl Stone Soup version 0.30.0-19-g36f170ea60 (webtiles) character file.

Game seed: 1392963838901291719

3031 cheesebisquit the Destroyer (level 9, -9/45 HPs)
             Began as a Gargoyle Conjurer on May 26, 2023.
             Was a Follower of Vehumet.
             Mangled by a wight
             ... wielding a +0 dire flail
              (12 damage)
             ... on level 9 of the Dungeon.
             The game lasted 00:38:12 (11454 turns).

cheesebisquit the Destroyer (Gargoyle Conjurer)    Turns: 11454, Time: 00:38:13

Health: -9/45      AC: 13    Str: 10    XL:     9   Next: 86%
Magic:  7/27       EV: 11    Int: 30    God:    Vehumet [*.....]
Gold:   514        SH:  0    Dex:  8    Spells: 0/20 levels left

rFire   . . .        b - +9 flail (protect)
rCold   . . .        (no shield)
rNeg    + . .        y - +2 robe {Will+}
rPois   ∞            (no helmet)
rElec   +            u - scarf {harm}
rCorr   .            H - +2 pair of gloves
SInv    .            (no boots)
Will    +....        (no amulet)
Stlth   ++           j - +6 ring of intelligence
HPRegen 0.27/turn    J - ring of magical power
MPRegen 0.20/turn

%: harm (+30% outgoing, +20% incoming)
@: no status effects
A: sickness immunity, AC +6, negative energy resistance 1, electricity
resistance, torment resistance 1, petrification resistance
a: Renounce Religion


You were on level 9 of the Dungeon.
You worshipped Vehumet.
Vehumet was aware of your devotion.
You visited 2 branches of the dungeon, and saw 10 of its levels.

You collected 514 gold pieces.

Inventory:

Hand Weapons
 b - a +9 flail of protection (weapon)
 C - a +2 whip of flaming
Missiles
 s - 13 poisoned darts
 z - 5 javelins
 F - a throwing net
Armour
 u - a scarf of harm (worn)
 y - a +2 robe of willpower (worn)
 H - a +2 pair of gloves (worn)
 L - a +0 kite shield
Jewellery
 j - a +6 ring of intelligence (left hand)
 v - a ring of flight
 J - a ring of magical power (right hand)
 P - a ring of magical power
Wands
 m - a wand of flame (9)
 E - a wand of charming (7)
 G - a wand of quicksilver (4)
 O - a wand of polymorph (7)
Scrolls
 d - a scroll of blinking
 e - a scroll of fear
 f - a scroll of fog {unknown}
 g - 3 scrolls of enchant armour
 h - 2 scrolls of amnesia
 k - 3 scrolls of teleportation
 o - a scroll of vulnerability {unknown}
 q - a scroll of poison
 A - a scroll of silence {unknown}
 B - a scroll of immolation {unknown}
 D - a scroll of magic mapping {unknown}
 I - 2 scrolls of noise {unknown}
 K - a scroll of brand weapon {unknown}
Potions
 a - a potion of lignification
 c - a potion of invisibility
 i - 5 potions of curing
 l - a potion of attraction
 n - 3 potions of flight
 p - 4 potions of heal wounds
 r - a potion of berserk rage {unknown}
 t - 3 potions of haste {unknown}
 w - 2 potions of mutation
 x - 2 potions of might {unknown}
 M - a potion of brilliance {unknown}
 N - a potion of degeneration {unknown}


   Skills:
 - Level 1.5 Dodging
 - Level 2.1 Stealth
 + Level 6.4 Spellcasting
 + Level 8.6 Conjurations
 + Level 5.7 Hexes
 + Level 1.7 Translocations
 - Level 5.0 Ice Magic
 + Level 2.9 Air Magic


You couldn't memorise any spells.
You knew the following spells:

 Your Spells              Type           Power      Damage    Failure   Level
a - Magic Dart            Conj           100%       1d8       1%          1
b - Searing Ray           Conj           100%       2d8       1%          2
c - Dazzling Flash        Conj/Hex       100%       N/A       1%          3
d - Hailstorm             Conj/Ice       50%        3d11      1%          3
e - Fulminant Prism       Conj/Hex       26%        3d14      2%          4
f - Static Discharge      Conj/Air       88%        2-6/arc   1%          2
g - Shock                 Conj/Air       100%       1d9       1%          1
h - Iskenderun's Mystic   Conj/Tloc      40%        2d9       6%          4

Your spell library contained the following spells:

 Spells                   Type           Power      Damage    Failure   Level
 Foxfire                  Conj/Fire      100%       2x1d9     1%          1
 Freeze                   Ice            100%       1d10      1%          1
 Ensorcelled Hibernation  Hex/Ice        82%        N/A       1%          2
 Frozen Ramparts          Ice            78%        1d12      1%          3
 Portal Projectile        Hex/Tloc       64%        N/A       3%          3
 Beastly Appendage        Tmut           18%        N/A       4%          1
 Swiftness                Air            27%        N/A       4%          3
 Passwall                 Tmut/Erth      7%         N/A       8%          2
 Wereblood                Tmut           9%         N/A       8%          2
 Airstrike                Air            13%        2d(2-18)  14%         4
 Call Canine Familiar     Summ           9%         N/A       16%         3
 Spider Form              Tmut/Pois      9%         N/A       16%         3
 Leda's Liquefaction      Hex/Erth       13%        N/A       16%         4
 Summon Lightning Spire   Summ/Air       18%        N/A       26%         4
 Olgreb's Toxic Radiance  Pois           9%         N/A       45%         4
 Discord                  Hex            22%        N/A       100%        8
 Ignition                 Fire           4%         3d4       100%        8


Dungeon Overview and Level Annotations

Branches:
Dungeon (9/15)             Temple (1/1) D:5
   Lair: D:8-11         Orc: D:9-12

Altars:
Ashenzari
Cheibriados
Dithmenos
Elyvilon
Fedhas
Gozag
Hepliaklqana
Makhleb
Nemelex Xobeh
Okawaru
Ru
Sif Muna
Trog
Uskayaw
Vehumet
Wu Jian
Xom
Yredelemnul
Zin
The Shining One

Shops:
D:8 *

Annotations:
D:9 Erolcha


Innate Abilities, Weirdness & Mutations

You are immune to sickness and miasma.
Your stone body is resilient. (AC +6)
You are immune to poison.
You resist negative energy. (rN+)
You are resistant to electric shocks. (rElec)
You are resistant to unholy torment.
You are immune to petrification.


Message History

Erolcha the Cunning comes into view.
She is wielding a +0 giant spiked club.
Casting: Iskenderun's Mystic Blast (dangerous; 6% risk of failure)
Confirm with . or Enter, or press ? or * to list all spells.
Aiming: Fulminant Prism (dangerous; 2% risk of failure)
Press: ? - help, Dir - move target You conjure a prism of explosive energy!
A fulminant prism comes into view.
Casting: Fulminant Prism (dangerous; 2% risk of failure)
Confirm with . or Enter, or press ? or * to list all spells.
You erupt in a blast of force!
The mystic blast hits Erolcha!
Erolcha is lightly wounded.
Erolcha is knocked back by the mystic blast.
Erolcha slams into the rock wall!
Erolcha is moderately wounded.
The mystic blast hits the wight!
The wight is severely damaged.
The wight is knocked back by the mystic blast.
Erolcha hits you with a +0 giant spiked club!!!
Ouch! That really hurt!
* * * LOW HITPOINT WARNING * * *
Your fulminant prism crackles loudly.
Blink to where?
Press: ? - help, Dir - move target
As you read the scroll of blinking, it crumbles to dust.
A wight comes into view.
It is wielding a +0 trident and carrying a wand of charming (4).
You hear an explosion!
The blast of energy engulfs Erolcha!!
Erolcha is severely wounded.
A bullfrog comes into view.
Found a wand of charming (5).
The bullfrog gives a loud, deep croak!
As you read the scroll of fear, it crumbles to dust.
You assume a fearsome visage.
Erolcha looks frightened!
The bullfrog looks frightened!
The wight is unaffected. x2
Erolcha mumbles some strange words.
Erolcha flickers and vanishes!
Deactivating autopickup; reactivate with Ctrl-A.
The wight attacks as you move away!
The wight hits you with a +0 dire flail!
You die...

.......
#.....
#....
#.F.#
#...#
#.<.#
#...#
#...###+#.
#.@.......
#.z.......
#.........
#.#+###../
#z# ...
#.# . #.#
#######.#
z....)..+


You could see a bullfrog (fleeing) and 2 wights.

Vanquished Creatures
  2 steam dragons
  2 water moccasins
  2 ice beasts (D:8)
  Pargi (D:4)
  An orc warrior (D:8)
  4 black bears
  A centaur (D:8)
  3 bullfrogs
  2 phantoms
  6 wights (D:9)
  4 killer bees (D:8)
  A howler monkey (D:6)
  An orc priest (D:7)
  An iron imp (D:3)
  6 hounds
  2 gnoll boudas
  2 jellies
  Jessica (D:3)
  4 iguanas
  2 orc wizards
  A sleepcap (D:8)
  8 adders
  11 gnolls
  3 shadow imps
  A white imp (D:6)
  3 ufetubi
  3 worms
  2 dart slugs
  19 orcs
  3 ball pythons
  3 bats (D:1)
  6 endoplasms
  5 giant cockroaches
  8 hobgoblins
  4 jackals (D:5)
  4 quokkas
  3 frilled lizards
  4 goblins
  5 kobolds
  2 rats
146 creatures vanquished.

Vanquished Creatures (others)
  10 fulminant prisms
10 creatures vanquished.

Grand Total: 156 creatures vanquished

Notes
Turn   | Place    | Note
-------+----------+-------------------------------------------
     0 | D:1      | cheesebisquit the Gargoyle Conjurer began the quest for the
                  | Orb.
     0 | D:1      | Reached XP level 1. HP: 10/10 MP: 3/3
   484 | D:1      | Reached XP level 2. HP: 15/15 MP: 1/5
   544 | D:1      | Learned a level 2 spell: Searing Ray
  1205 | D:2      | Reached XP level 3. HP: 19/19 MP: 3/6
  1350 | D:2      | Reached skill level 5 in Conjurations
  1426 | D:2      | Learned a level 3 spell: Dazzling Flash
  2173 | D:3      | Noticed Jessica
  2176 | D:3      | Killed Jessica
  2177 | D:3      | Reached skill level 1 in Hexes
  2177 | D:3      | Reached XP level 4. HP: 24/24 MP: 5/8
  2181 | D:3      | Learned a level 3 spell: Hailstorm
  2418 | D:3      | Reached XP level 5. HP: 27/28 MP: 4/9
  2564 | D:3      | Found a snail-covered altar of Cheibriados.
  3774 | D:4      | Reached XP level 6. HP: 32/32 MP: 2/11
  3995 | D:4      | Noticed Pargi
  4003 | D:4      | Killed Pargi
  4004 | D:4      | Reached skill level 6 in Conjurations
  4009 | D:4      | Noticed a black bear
  4109 | D:4      | Reached skill level 1 in Ice Magic
  4204 | D:4      | Learned a level 4 spell: Fulminant Prism
  4505 | D:4      | Killed a black bear
  4506 | D:4      | Reached XP level 7. HP: 36/36 MP: 6/13
  4823 | D:5      | Entered Level 5 of the Dungeon
  4839 | D:5      | Found a staircase to the Ecumenical Temple.
  4846 | Temple   | Entered the Ecumenical Temple
  5148 | Temple   | Became a worshipper of Vehumet
  6676 | D:5      | Reached XP level 8. HP: 22/41 MP: 1/15
  7018 | D:5      | Reached skill level 7 in Conjurations
  7834 | D:6      | Reached skill level 5 in Spellcasting
  9176 | D:7      | Learned a level 2 spell: Static Discharge
  9721 | D:7      | Reached skill level 1 in Air Magic
  9724 | D:7      | Reached XP level 9. HP: 38/45 MP: 15/17
 10399 | D:8      | Found an iron altar of Okawaru.
 10399 | D:8      | Found a blossoming altar of Fedhas.
 10412 | D:8      | Reached skill level 8 in Conjurations
 10412 | D:8      | Reached skill level 5 in Hexes
 10414 | D:8      | Learned a level 1 spell: Shock
 10761 | D:8      | Reached skill level 5 in Ice Magic
 10837 | D:8      | Learned a level 4 spell: Iskenderun's Mystic Blast
 10876 | D:8      | Reached * piety under Vehumet
 10876 | D:8      | Offered knowledge of Foxfire by Vehumet.
 11101 | D:8      | Reached skill level 1 in Translocations
 11141 | D:8      | Found Xewaij's Assorted Antiques.
 11444 | D:9      | Noticed Erolcha
 11446 | D:9      | HP: 2/45 [Erolcha/+0 giant spiked club (43)]
 11454 | D:9      | Mangled by a wight

Illustrated notes

Levels and vault maps discovered:
D:1:      minmay_arrival_wavy_path, layout_loops_corners
D:2:      layout_loops_cross
D:3:      layout_basic, slow_altar_2, nicolae_eternal_life, nrook_loot_triangle,
          minmay_misc_feat_alley, uniq_jessica
D:4:      layout_cave_pods, uniq_pargi
D:5:      layout_loops_ring, minmay_temple_entry_arrows, grunt_ministairs_14
D:6:      layout_cave_pods, minmay_misc_feat_x, minmay_misc_feat_plants,
          grunt_decor_resistance, nicolae_figureground_sparkle
D:7:      layout_loops_ring, serial_rivers, chequers_serial_rivers_micro_c,
          chequers_serial_rivers_micro_e, chequers_serial_rivers_room_b,
          chequers_serial_rivers_large_b, chequers_serial_rivers_micro_e
D:8:      layout_basic, gammafunk_temple_overflow_wave, serial_shops,
          nicolae_shop_dealshenge, kennysheep_generic_room_7
D:9:      layout_irregular_city, gammafunk_temple_overflow_statue, uniq_erolcha
Temple:   minmay_temple_bridge_d

Skill      XL: |  1  2  3  4  5  6  7  8  9 |
---------------+----------------------------+-----
Conjurations   | 5 6 7 8 |  8.6
Spellcasting   | 3 4 5 6 |  6.4
Hexes          | 1 2 3 4 5 |  5.7
Ice Magic      | 1 2 4 5 |  5.0
Air Magic      | 1 2 |  2.9
Translocations | 1 |  1.7
Dodging        | |  1.5
Stealth        | |  2.1

Action                     |  1- 3 |  4- 6 |  7- 9 || total
---------------------------+-------+-------+-------++-------
  Melee: Unarmed           |    10 |       |       ||    10
         Club              |       |     4 |       ||     4
         Flail             |       |       |    17 ||    17
   Cast: Magic Dart        |    53 |    35 |    82 ||   170
         Searing Ray       |     1 |    24 |    50 ||    75
         Fulminant Prism   |       |       |    10 ||    10
         Iskenderun's Myst |       |       |     2 ||     2
    Use: Potion            |       |     1 |       ||     1
         Scroll            |       |    11 |    14 ||    25
 Armour: Robe              |     4 |     6 |    35 ||    45
  Dodge: Dodged            |     7 |     7 |    31 ||    45
